 Dungeon Crawl Stone Soup version 0.19-a0-607-g42021f0 (webtiles) character file.

5064 st0uf the Cleaver (level 10, -8/77 HPs)
             Began as a Formicid Fighter on June 12, 2016.
             Was an Elder of Uskayaw.
             Mangled by a yak (12 damage)
             ... on level 9 of the Dungeon.
             The game lasted 00:32:46 (9506 turns).

st0uf the Cleaver (Formicid Fighter)                Turns: 9506, Time: 00:32:49

Health: -8/77      AC:  9    Str: 23    XL:     10   Next: 86%
Magic:  18/24      EV: 12    Int:  9    God:    Uskayaw [****..]
Gold:   351        SH:  5    Dex: 10    Spells: 0 memorised, 9 levels left

rFire  . . .     SeeInvis +     a - +0 war axe
rCold  . . .     Gourm    .     b - +0 scale mail
rNeg   . . .     Faith    .     M - +0 buckler
rPois  .         Spirit   .     (helmet unavailable)
rElec  .         Dismiss  .     (no cloak)
rCorr  .         Reflect  .     I - +0 pair of gloves
SustAt .         Harm     .     (no boots)
MR     +....                    (no amulet)
Stlth  ..........               H - ring of magical power
                                f - +4 ring of slaying

@: somewhat resistant to hostile enchantments, extremely unstealthy
A: permanent stasis, dig shafts and tunnels, four strong arms, antennae 3
a: Dig, Shaft Self, Stomp, Line Pass, Renounce Religion


You were on level 9 of the Dungeon.
You worshipped Uskayaw.
Uskayaw was greatly pleased with you.
You were very hungry.

You visited 1 branch of the dungeon, and saw 9 of its levels.

You collected 351 gold pieces.

Inventory:

Hand Weapons
 a - a +0 war axe (weapon)
 J - the +6 whip of Instinct {pain, rC++ Str+4 Int-4 Stlth+}
   (You took it off a centaur on level 6 of the Dungeon)

   In the hands of one skilled in necromantic magic, it inflicts extra damage on
   living creatures.
   It affects your strength (+4).
   It affects your intelligence (-4).
   It greatly protects you from cold.
   It makes you more stealthy.
 O - a +2 hand axe
Missiles
 q - 83 sling bullets
Armour
 b - a +0 scale mail (worn)
 c - a +0 shield
 I - a +0 pair of gloves (worn)
 M - a +0 buckler (worn)
Jewellery
 f - a +4 ring of slaying (left hand)
 r - an uncursed ring of wizardry
 H - a ring of magical power (right hand)
 K - an uncursed ring of protection from cold {unknown}
Wands
 y - a wand of polymorph (9/24)
 C - a wand of flame (11/48)
Scrolls
 e - a scroll of noise {unknown}
 g - 4 scrolls of remove curse {unknown}
 i - 7 scrolls of identify
 j - 2 scrolls of teleportation {unknown}
 k - 3 scrolls of random uselessness {unknown}
 m - 2 scrolls of enchant armour {unknown}
 u - 4 scrolls of amnesia {unknown}
 w - 5 scrolls of recharging {unknown}
 x - 2 scrolls of enchant weapon {unknown}
 A - 2 scrolls of immolation {unknown}
 G - a scroll of fear {unknown}
 N - a scroll of vulnerability {unknown}
 Q - 2 scrolls of magic mapping {unknown}
Potions
 d - a potion of might
 h - a potion of curing {unknown}
 n - a potion of brilliance {unknown}
 o - a potion of haste {unknown}
 p - 2 potions of mutation {unknown}
 s - 2 potions of degeneration {unknown}
 t - 2 potions of heal wounds {unknown}
 v - 3 potions of agility {unknown}
 z - a potion of lignification {unknown}
 D - a potion of flight {unknown}
 R - a potion of cancellation {unknown}
Books
 L - a book of Minor Magic

   Spells                             Type                      Level
   a - Magic Dart                     Conjuration                  1
   b - Blink                          Translocation                2
   c - Call Imp                       Summoning                    2
   d - Repel Missiles                 Charms/Air                   2
   e - Slow                           Hexes                        2
   f - Conjure Flame                  Conjuration/Fire             3
   g - Mephitic Cloud                 Conjuration/Poison/Air       3
Comestibles
 l - 3 meat rations
 B - 3 fruits
 E - 3 slices of pizza
 F - 2 bread rations


   Skills:
 + Level 6.5 Fighting
 * Level 9.1 Axes
 + Level 7.5 Armour
 + Level 4.6 Dodging
 + Level 7.4 Shields
 * Level 6.8 Invocations


You had 9 spell levels left.
You didn't know any spells.

Dungeon Overview and Level Annotations

Branches:
Dungeon (9/15)             Temple (0/1) D:4
   Lair: D:8-11         Orc: D:9-12

Altars:
Dithmenos
Elyvilon
Hepliaklqana
Makhleb
Nemelex Xobeh
Okawaru
Pakellas
Qazlal
Ru
Sif Muna
Uskayaw
Yredelemnul
The Shining One

Shops:
D:8 [

Annotations:
D:3 tstbtto's ghost, amateur CeFi


Innate Abilities, Weirdness & Mutations

You are under a permanent stasis effect.
You can dig through walls and to a lower floor.
Your four strong arms can wield two-handed weapons with a shield.
You have a pair of large antennae on your head. (SInv)


Message History

The basilisk is almost dead.
The yak is heavily wounded. x2
You are feeling very hungry.
The yak is no longer sharing its pain.
The basilisk is no longer sharing its pain.
The river rat is no longer sharing its pain.
The yak is no longer sharing its pain.
The river rat is no longer sharing its pain.
The basilisk gazes at you.
You easily resist.
The yak gores you!
* * * LOW HITPOINT WARNING * * *
The yak misses you.
You stomp with the beat, sending a shockwave through the revelers around you!
You kill the basilisk!
The yak is almost dead.
The yak is severely wounded.
You feel somewhat more hungry.
You can no longer merge with and destroy a victim.
The yak gores you!
You die...

#####+###
#.......#
+.......+
#.......#
#.......#
#.....<.#
#.......#
#....>..#
##@######


#.YYYJY# #P...YYYrt# ......trY..# { ....♣.......# ............# ..........P..
.......P...... You could see 8 yaks, 2 crocodiles, a jelly and 2 river rats.

Vanquished Creatures
  A centaur skeleton (D:6)
  Sigmund (D:5)
  Eustachio (D:5)
  A basilisk (D:9)
  Grum (D:8)
  4 yaks (D:9)
  A hippogriff (D:8)
  Edmund (D:6)
  Duvessa (D:5)
  3 porcupines (D:9)
  A wasp (D:8)
  An orc warrior (D:8)
  2 phantoms
  An ice beast (D:8)
  2 centaurs
  2 wolves (D:8)
  An ogre (D:7)
  Blork the orc (D:5)
  4 giant frogs
  A wyvern skeleton (D:8)
  Dowan (D:5)
  4 killer bees (D:8)
  5 wights (D:7)
  A crimson imp (D:5)
  3 giant frog zombies
  A hound (D:7)
  2 orc priests
  2 giant frog skeletons (D:7)
  A jelly (D:5)
  4 orc wizards
  2 iguanas
  A gnoll shaman (D:8)
  Natasha (thrice) (D:2)
  5 worker ants
  A hell rat (D:5)
  2 hound zombies (D:5)
  2 hound skeletons
  Robin (D:2)
  A worker ant zombie (D:5)
  11 gnolls
  3 river rats (D:5)
  13 adders
  2 shadow imps
  An adder skeleton (D:5)
  3 worms
  6 giant geckos
  36 orcs
  10 bats
  3 giant cockroaches (D:5)
  13 hobgoblins (D:2)
  7 jackals
  10 kobolds
  5 quokkas
  A ball python zombie (D:5)
  7 giant newts
  12 goblins
  A jackal skeleton (D:5)
  30 rats
  A bush (D:9)
248 creatures vanquished.

Vanquished Creatures (others)
  A killer bee (D:8)
  A bush (D:6)
  A fungus (D:9)
  A plant (D:9)
4 creatures vanquished.

Grand Total: 252 creatures vanquished

Notes
Turn   | Place    | Note
--------------------------------------------------------------
     0 | D:1      | st0uf the Formicid Fighter began the quest for the Orb.
     0 | D:1      | Reached XP level 1. HP: 18/18 MP: 1/1
   247 | D:1      | Reached XP level 2. HP: 24/24 MP: 2/2
   418 | D:1      | You fall through a shaft!
   457 | D:2      | Noticed Robin
   619 | D:2      | Reached XP level 3. HP: 29/29 MP: 3/3
   687 | D:2      | Found a glowing golden altar of the Shining One.
  1342 | D:2      | Reached skill level 1 in Dodging
  1342 | D:2      | Reached XP level 4. HP: 31/35 MP: 4/4
  1367 | D:2      | Noticed Natasha
  1381 | D:2      | Killed Natasha
  1580 | D:2      | Reached skill level 3 in Axes
  1629 | D:2      | Killed Robin
  1653 | D:2      | Reached XP level 5. HP: 41/41 MP: 5/5
  1686 | D:2      | Found a hide-covered altar of Uskayaw.
  1689 | D:2      | Became a worshipper of Uskayaw the Reveler
  1764 | D:2      | Reached * piety under Uskayaw
  1845 | D:2      | Noticed Natasha
  1855 | D:2      | Reached ** piety under Uskayaw
  1861 | D:2      | Killed Natasha
  1891 | D:2      | Noticed Natasha
  1907 | D:2      | Killed Natasha
  2237 | D:2      | Found a hazy altar of Hepliaklqana.
  2316 | D:3      | Reached XP level 6. HP: 37/47 MP: 6/6
  2332 | D:3      | Noticed tstbtto's ghost (amateur CeFi)
  3237 | D:3      | Found a shadowy altar of Dithmenos.
  3268 | D:3      | Found a stormy altar of Qazlal.
  4025 | D:4      | Reached skill level 1 in Invocations
  4217 | D:4      | Found a staircase to the Ecumenical Temple.
  4686 | D:5      | Entered Level 5 of the Dungeon
  4790 | D:5      | Noticed Sigmund
  4820 | D:5      | Reached skill level 4 in Axes
  4821 | D:5      | Killed Sigmund
  4821 | D:5      | Reached XP level 7. HP: 9/54 MP: 1/8
  5087 | D:5      | Noticed Blork the orc
  5096 | D:5      | Reached *** piety under Uskayaw
  5097 | D:5      | Killed Blork the orc
  5097 | D:5      | Reached skill level 5 in Shields
  5131 | D:5      | Reached skill level 5 in Armour
  5154 | D:5      | Noticed Eustachio
  5176 | D:5      | Killed Eustachio
  5176 | D:5      | Reached XP level 8. HP: 23/61 MP: 7/10
  5389 | D:5      | Found a basalt altar of Yredelemnul.
  5513 | D:5      | Reached **** piety under Uskayaw
  5522 | D:5      | Reached ***** piety under Uskayaw
  5544 | D:5      | Reached skill level 5 in Axes
  5757 | D:5      | Noticed Dowan
  5759 | D:5      | Noticed Duvessa
  5762 | D:5      | Killed Dowan
  5776 | D:5      | Killed Duvessa
  6141 | D:5      | Reached skill level 5 in Fighting
  6369 | D:6      | Reached skill level 6 in Axes
  6405 | D:6      | Noticed Edmund
  6545 | D:6      | Killed Edmund
  6545 | D:6      | Reached XP level 9. HP: 48/68 MP: 12/12
  6637 | D:6      | Found a white marble altar of Elyvilon.
  6679 | D:6      | Found a sparkling altar of Nemelex Xobeh.
  6738 | D:6      | Found a burning altar of Makhleb.
  6751 | D:6      | Reached skill level 7 in Axes
  6751 | D:6      | Reached skill level 5 in Invocations
  6753 | D:6      | Got an uncursed ichor-stained whip {pain}
  7036 | D:6      | Identified the +6 whip of Instinct {pain, rC++ Str+4 Int-4 Stlth+} (You took it off a centaur on level 6 of the Dungeon)
  7451 | D:7      | Found a sacrificial altar of Ru.
  7559 | D:7      | Found an oddly glowing altar of Pakellas.
  7583 | D:7      | Reached XP level 10. HP: 38/76 MP: 14/14
  8185 | D:8      | Noticed Grum
  8212 | D:8      | Killed Grum
  8219 | D:8      | Reached skill level 8 in Axes
  8585 | D:8      | Found an iron altar of Okawaru.
  9062 | D:8      | Found a deep blue altar of Sif Muna.
  9240 | D:8      | Found Numnuul's Armour Shop.
  9502 | D:9      | Reached skill level 9 in Axes
  9506 | D:9      | Mangled by a yak

Vault maps used:
D:1:      lightli_arrival_statue_moat
D:2:      marbit_many_paths, lemuel_doored_altar, lemuel_crystal_altar,
          glass_columns_b, uniq_robin, uniq_natasha
D:3:      nicolae_overflow_hidden_temple, old_standard_altar
D:4:      minmay_temple_entry_junction
D:5:      lemuel_ratsnest, lemuel_crystal_altar, first_bread, uniq_eustachio,
          uniq_blork_the_orc, uniq_sigmund, uniq_duvessa
D:6:      bloody_makhleb, nicolae_overflow_crystal_walls,
          nemelex_xobeh_ov_fountains_minmay, grunt_decor_fettered,
          kb_lookout_dungeons_type, uniq_edmund
D:7:      kennysheep_mini, kennysheep_mini_moat
D:8:      kennysheep_little_box, lemuel_round_altar, serial_shops, shop,
          uniq_grum
D:9:      kb_xom_exploding_sheep, minmay_lair_entry_grove, blue_anna_alchemist,
          trog_three_pillars_becter

Skill      XL: |  1  2  3  4  5  6  7  8  9 10 |
---------------+-------------------------------+-----
Shields        | 4 5 6 7 |  7.4
Dodging        | 1 2 3 4 |  4.6
Axes           | 3 4 6 7 9 |  9.1
Armour         | 4 5 6 7 |  7.5
Invocations    | 2 3 4 5 6 |  6.8
Fighting       | 4 5 6 |  6.5

Action                   |  1- 3 |  4- 6 |  7- 9 | 10-12 || total
-------------------------+-------+-------+-------+-------++-------
Melee: War axe           |   108 |   268 |   246 |   123 ||   745
Invok: Stomp             |       |     9 |    12 |     7 ||    28
       Line Pass         |       |       |     3 |     1 ||     4
 Abil: Dig               |       |     4 |     1 |     2 ||     7
  Use: Scroll            |       |       |     1 |       ||     1
 Stab: Paralysed         |       |       |    19 |    10 ||    29
       Confused          |       |       |     1 |       ||     1
  Eat: Chunk             |     2 |     8 |    12 |     7 ||    29
       Bread ration      |       |     1 |       |       ||     1
Armor: Scale mail        |    53 |    87 |    63 |    50 ||   253
Dodge: Dodged            |    39 |    93 |    90 |    87 ||   309
Block: Shield            |    63 |   148 |   103 |       ||   314
       Buckler           |       |       |     6 |    41 ||    47
